Cogmind - Beta 12 @@@ ROGUE MODE // 2023.04.29 @ 19:36:09 Player: Exp. Geonium Core Result: Destroyed by 8R-AWN with 8R-AWN's Boregun Performance ------------- Evolutions (1) 500 Regions Visited (5) 1000 Robots Destroyed (31) 155 Value Destroyed (843) 843 Prototype IDs (25) 500 Alien Tech Used (0) 0 Bonus (256) 256 TOTAL SCORE: 3254 Bonus ------- Aligned with FarCom 300 Friendly Fire -44 Cogmind --------- Core Integrity 0/400 Matter 6/300 Energy 100/100 System Corruption 5% Temperature Cool (0) Movement Core (3450) Ox68 Location -9/Exiles Parts ------- > --- POWER (1) -------- (None) > --- PROPULSION (3) --- (None) > --- UTILITY (3) ------ Humpback Targeting Computer > --- WEAPON (2) ------- Improved Assault Rifle Improved Assault Rifle > --- INVENTORY (35) --- (None) Peak State ------------ > --- POWER ------------ Light Nuclear Core > --- PROPULSION ------- Light Treads Light Treads Light Treads > --- UTILITY ---------- Large Storage Unit Improved Targeting Computer Sensor Drone Bay > --- WEAPON ----------- Improved Assault Rifle Improved Assault Rifle > --- INVENTORY -------- Ion Engine Light Ion Engine Improved Heat Sink Huge Storage Unit Light Armor Plating Light Armor Plating Hacking Suite Improved Assault Rifle Improved Assault Rifle Improved Assault Rifle Improved Assault Rifle Grenade Launcher Rocket Launcher Hammer Makeshift Spear [Rating: 26] Favorites ----------- Power Light Nuclear Core Engine Ion Engine Power Core Light Nuclear Core Propulsion Light Treads Treads Light Treads Leg Aluminum Leg Wheel Wheel Utility Light Armor Plating Device Sensor Drone Bay Storage Large Storage Unit Processor Targeting Computer Protection Light Armor Plating Weapon Improved Assault Rifle Energy Gun EM Pulse Gun Ballistic Gun Improved Assault Rifle Launcher Rocket Launcher Impact Weapon Hammer Build | -11 -10 -10 -9 -9 -9 ------- Run | Jun Mat Min Mat Min Exi Slots Evolved 2 | . . . 2 . . Power . | . . . . . . Propulsion 1 | . . . 1 . . Utility 1 | . . . 1 . . Weapon . | . . . . . . Parts Attached 71 | . 12 1 26 11 21 Power 3 | . 2 . 1 . . Engine 2 | . 1 . 1 . . Core 1 | . 1 . . . . Reactor . | . . . . . . Propulsion 21 | . 2 . 10 3 6 Treads 17 | . 2 . 8 3 4 Leg . | . . . . . . Wheel 4 | . . . 2 . 2 Hover . | . . . . . . Flight . | . . . . . . Utility 22 | . 4 1 10 4 3 Device 7 | . 2 1 2 2 . Storage 4 | . 1 . 1 . 2 Processor 3 | . . . 2 1 . Hackware . | . . . . . . Protection 8 | . 1 . 5 1 1 Artifact . | . . . . . . Weapon 25 | . 4 . 5 4 12 Energy Gun . | . . . . . . Energy Cannon . | . . . . . . Ballistic Gun 18 | . 4 . 4 2 8 Ballistic Cannon . | . . . . . . Launcher 3 | . . . . 2 1 Special Weapon . | . . . . . . Impact Weapon 4 | . . . 1 . 3 Slashing Weapon . | . . . . . . Piercing Weapon . | . . . . . . Special Melee Weapon . | . . . . . . Unidentified Prototypes 2 | . . 1 1 . . Parts Lost 17 | . 1 . 5 1 10 Power 2 | . . . 1 . 1 Propulsion 5 | . . . . . 5 Utility 5 | . 1 . 2 1 1 Weapon 5 | . . . 2 . 3 Highest Loss Streak 10 | . 1 . 2 1 10 To Critical Strikes 7 | . . . . . 7 Average Slot Usage (%) 96 | . 97 100 94 99 94 Engine 5 | . 5 . 1 11 9 Core 5 | . 8 14 7 . . Treads 25 | . 28 28 29 31 15 Wheel 5 | . . . 2 1 15 Device 4 | . 7 2 6 7 . Storage 11 | . 14 14 11 11 8 Processor 5 | . . . 7 5 11 Protection 7 | . 4 11 7 8 10 Energy Gun 1 | . 5 . . . . Ballistic Gun 17 | . 22 28 19 21 6 Impact Weapon 4 | . . . 1 . 15 Naked Turns . | . . . . . . Heaviest Build 108 | 12 31 42 94 108 93 Greatest Support 60 | 20 40 40 60 60 60 Greatest Overweight (x) 9 | . . 1 9 5 4 Average Overweight (x) 1 | . . . . 1 2 Largest Inventory Capacity 35 | . 15 15 25 25 35 Average Capacity 16 | . 9 15 16 25 19 Most Carried 25 | . 12 15 19 25 25 Average Carried 13 | . 5 13 15 20 14 Final Capacity 35 | 8 15 15 25 25 35 Final Carried 25 | 6 12 15 19 25 . Class Distribution -------------------- 82% | Mutant 14% | Scavenger-Mutant Dominant Class ---------------- Mutant | -10/Materials Mutant | -10/Mines Mutant | -9/Materials Mutant | -9/Mines Mutant | -9/Exiles Resources | -11 -10 -10 -9 -9 -9 ----------- Run | Jun Mat Min Mat Min Exi Matter Collected 1564 | 188 247 . 510 287 332 Remotely . | . . . . . . Salvage Created 1354 | . 406 . 773 165 10 Parts 77 | . 26 . 50 1 . Haulers Intercepted 4 | . 1 . 3 . . Recyclers Shooed 1 | . 1 . . . . Parts Field Recycled . | . . . . . . Retrieved Matter . | . . . . . . Parts Self-Destructed . | . . . . . . Prevented . | . . . . . . Kills | -11 -10 -10 -9 -9 -9 ------- Run | Jun Mat Min Mat Min Exi Combat Hostiles Destroyed 39 | . 9 . 13 13 4 Guns 25 | . 9 . 13 3 . AOE 14 | . . . . 10 4 Classes Destroyed 9 | . 5 . 2 2 . Hauler 4 | . 1 . 3 . . Recycler 1 | . . . . 1 . Mechanic 2 | . . . 2 . . Operator 1 | . 1 . . . . Watcher 1 | . 1 . . . . Swarmer 3 | . 3 . . . . Grunt 16 | . 6 . 10 . . Sentry 3 | . . . 3 . . Assembled 17 | . . . . 13 4 Best Kill Streak 10 | . 3 . 8 10 4 Combat Bots Only 10 | . 3 . 7 10 4 Max Kills in Single Turn 4 | . 1 . 1 4 3 Gunslinging . | . . . . . . Exploded 4 | . . . . 4 3 Melee . | . . . . . . Uniques/NPCs Destroyed . | . . . . . . Combat | -11 -10 -10 -9 -9 -9 -------- Run | Jun Mat Min Mat Min Exi Damage Taken 3232 | . 494 . 1061 239 1438 Core 491 | . 84 . 151 41 215 Absorbed by Shields . | . . . . . . Redirected to Shielding 9 | . . . . . 9 Core Remaining (%) 83 | 100 . 66 . . . Volleys Fired 169 | . 48 . 55 15 51 Largest 2 | . 2 . 2 2 2 Hottest 80 | . 80 . 46 46 46 Shots Fired 327 | . 96 . 108 25 98 Gun 319 | . 96 . 108 20 95 Cannon . | . . . . . . Launcher 8 | . . . . 5 3 Special . | . . . . . . Kinetic 294 | . 71 . 108 20 95 Thermal . | . . . . . . Explosive 8 | . . . . 5 3 Electromagnetic 25 | . 25 . . . . Robot Hit Streak 31 | . 5 . 27 8 31 Robot Miss Streak 5 | . 5 . 4 1 1 Penetration Max . | . . . . . . Secondary Targets 4 | . . . 4 . . Max Gunslinging Chain 1 | . . . 1 . . Shots Hit Robots 236 | . 48 . 87 14 87 Core Hits 107 | . 23 . 32 26 26 Critical Kills . | . . . . . . Critical Parts Destroyed 2 | . 1 . 1 . . Critical Strikes 2 | . 1 . 1 . . Destroy 2 | . 1 . 1 . . Melee Attacks 13 | . . . 4 . 9 Impact 13 | . . . 4 . 9 Slashing . | . . . . . . Piercing . | . . . . . . Sneak Attacks 1 | . . . 1 . . Combat Hostiles . | . . . . . . Follow-up Attacks . | . . . . . . Damage Inflicted 4591 | . 668 . 1327 918 1678 Guns 3431 | . 628 . 1275 210 1318 Cannons . | . . . . . . Explosions 1102 | . 34 . . 708 360 Melee 45 | . . . 45 . . Ramming 13 | . 6 . 7 . . Kinetic 3251 | . 448 . 1275 210 1318 Thermal 34 | . 34 . . . . Explosive 1068 | . . . . 708 360 Electromagnetic 180 | . 180 . . . . Impact 45 | . . . 45 . . Slashing . | . . . . . . Piercing . | . . . . . . Highest Corruption 5 | . . . . 5 5 Average Corruption 5 | . . . . 5 5 Corruption Purged . | . . . . . . Corruption Blocked . | . . . . . . Effects 34 | . . . . 8 26 Message Errors 6 | . . . . 3 3 Matter Fused 8 | . . . . 1 7 Heat Flow Errors 5 | . . . . 1 4 Energy Discharges 6 | . . . . 1 5 Parts Fused 1 | . . . . . 1 Data Loss (minor) 3 | . . . . 1 2 Data Loss (major) 1 | . . . . . 1 Alerts 3 | . . . . 1 2 Weapon Failures 1 | . . . . . 1 Overload Shots . | . . . . . . Overflow Damage 47 | . . . . 21 26 Projectiles . | . . . . . . Explosions 47 | . . . . 21 26 Melee . | . . . . . . Knockbacks . | . . . . . . Impact . | . . . . . . Kinetic . | . . . . . . Secondary . | . . . . . . Self-Inflicted Damage . | . . . . . . Shots . | . . . . . . Rammed 6 | . 3 . 3 . . Targets Rammed 6 | . 3 . 3 . . Kicked . | . . . . . . Crushed . | . . . . . . Highest Temperature 225 | . 116 . 30 108 225 Average Temperature 45 | . 37 . 9 61 111 Received Heat Transfer 795 | . 270 . 525 . . Siege Activations . | . . . . . . Robots Corrupted . | . . . . . . Combat Hostiles . | . . . . . . Parts Fried . | . . . . . . Impact Corruptions . | . . . . . . Robots Melted . | . . . . . . Combat Hostiles . | . . . . . . Parts Melted . | . . . . . . Heat Transferred . | . . . . . . Parts Sabotaged . | . . . . . . Parts Stolen . | . . . . . . Parts Stripped . | . . . . . . Power Chain Reactions 1 | . 1 . . . . Missiles Intercepted . | . . . . . . Alert | -11 -10 -10 -9 -9 -9 ------- Run | Jun Mat Min Mat Min Exi Peak Influence 309 | . 233 5 309 105 . Initial 67 | . . 5 . 67 . Average 81 | . 68 4 135 86 . Maximum Alert Level 1 | . 1 . 1 . . Low Security (%) 88 | . 95 100 70 100 . Level 1 11 | . 4 . 29 . . Level 2 . | . . . . . . Level 3 . | . . . . . . Level 4 . | . . . . . . Level 5 . | . . . . . . High Security . | . . . . . . Max Security . | . . . . . . Squads Dispatched 3 | . 2 . 1 . . Investigation 1 | . 1 . . . . Extermination . | . . . . . . Reinforcement 2 | . 1 . 1 . . Assault . | . . . . . . Garrison . | . . . . . . Intercept . | . . . . . . Searches Triggered . | . . . . . . Construction Impeded . | . . . . . . Haulers Reinforced . | . . . . . . Active Scanning Responses . | . . . . . . Cargo Convoy Interrupts . | . . . . . . Stealth | -11 -10 -10 -9 -9 -9 --------- Run | Jun Mat Min Mat Min Exi Distress Signals 4 | . 2 . 2 . . Communications Jammed . | . . . . . . Distress Signals . | . . . . . . Times Spotted 61 | . 17 . 22 16 6 Peak Tracking Total 11 | . 4 . 7 11 10 Tactical Retreats 2 | . . . . 1 1 Traps | -11 -10 -10 -9 -9 -9 ------- Run | Jun Mat Min Mat Min Exi Traps Triggered . | . . . . . . Indirectly . | . . . . . . Trap Hack Attempts . | . . . . . . Triggered . | . . . . . . Disarmed . | . . . . . . Reprogrammed . | . . . . . . Reused . | . . . . . . Traps Extracted . | . . . . . . Installed . | . . . . . . Triggered . | . . . . . . Exploded 3 | . . . . . 3 Machines | -11 -10 -10 -9 -9 -9 ---------- Run | Jun Mat Min Mat Min Exi Machines Disabled 4 | . 1 . . . 3 Max in Single Turn 1 | . 1 . . . 1 Machines Repaired . | . . . . . . Machines Sabotaged . | . . . . . . Overloaded Fab Kills . | . . . . . . Hacking | -11 -10 -10 -9 -9 -9 --------- Run | Jun Mat Min Mat Min Exi Machines Accessed 6 | . 2 1 1 . 2 Terminals 2 | . 1 . 1 . . Fabricators . | . . . . . . Repair Stations . | . . . . . . Recycling Units 1 | . 1 . . . . Scanalyzers . | . . . . . . Garrison Access . | . . . . . . Total Hacks 6 | . 2 1 1 . 2 Successful 4 | . 1 1 . . 2 Failed 2 | . 1 . 1 . . Catastrophic 2 | . 1 . 1 . . Database Lockouts . | . . . . . . Manual 3 | . 1 . 1 . 1 Terminals 2 | . 1 . 1 . . Fabricators . | . . . . . . Repair Stations . | . . . . . . Recycling Units 1 | . 1 . . . . Scanalyzers . | . . . . . . Garrison Access . | . . . . . . Terminal Hacks 3 | . . 1 . . 2 Record 1 | . . . . . 1 Open Door 1 | . . 1 . . . EX-Prototype ID Bank 1 | . . . . . 1 Fabricator Hacks . | . . . . . . Repair Station Hacks . | . . . . . . Recycling Unit Hacks . | . . . . . . Scanalyzer . | . . . . . . Garrison Access Hacks . | . . . . . . Unauthorized Hacks 1 | . 1 . . . . Terminals . | . . . . . . Fabricators . | . . . . . . Repair Stations . | . . . . . . Recycling Units 1 | . 1 . . . . Tunnel 1 | . 1 . . . . Scanalyzers . | . . . . . . Garrison Access . | . . . . . . Data Cores Recovered . | . . . . . . Used . | . . . . . . Hacking Detections 2 | . 1 . 1 . . Full Trace Events . | . . . . . . Feedback Events . | . . . . . . Feedback Blocked . | . . . . . . Robot Schematics Acquired . | . . . . . . Robots Built . | . . . . . . Authchips . | . . . . . . Time . | . . . . . . Total Robot Build Rating . | . . . . . . Part Schematics Acquired . | . . . . . . Parts Built . | . . . . . . Authchips . | . . . . . . Time . | . . . . . . Total Part Build Rating . | . . . . . . Parts Repaired . | . . . . . . Time . | . . . . . . Parts Recycled . | . . . . . . Recycled Matter . | . . . . . . Retrieved Matter . | . . . . . . Retrieved Components . | . . . . . . Parts Scanalyzed . | . . . . . . Part Schematics Acquired . | . . . . . . Parts Damaged . | . . . . . . Bothacking | -11 -10 -10 -9 -9 -9 ------------ Run | Jun Mat Min Mat Min Exi Used RIF Installer . | . . . . . . Robots Hacked . | . . . . . . Non-combat . | . . . . . . Combat . | . . . . . . Robot Hacks Applied . | . . . . . . Relay Couplers Released . | . . . . . . Fabnet Peak Effective % . | . . . . . . Robots Rewired . | . . . . . . Allies Hacked . | . . . . . . Hacks Repelled . | . . . . . . Allies | -11 -10 -10 -9 -9 -9 -------- Run | Jun Mat Min Mat Min Exi Total Allies . | . . . . . . Largest Group . | . . . . . . Highest-Rated Group . | . . . . . . Highest-Rated Ally . | . . . . . . Total Orders 4 | . . . 2 2 . RETURN 4 | . . . 2 2 . Ally Attacks . | . . . . . . Total Damage . | . . . . . . Kills . | . . . . . . Allies Corrupted . | . . . . . . Allies Melted . | . . . . . . Intel | -11 -10 -10 -9 -9 -9 ------- Run | Jun Mat Min Mat Min Exi Robot Analysis Total . | . . . . . . Derelict Logs Recovered 2 | . . 2 . . . Drone Launches 4 | . . 1 1 2 . Drone Recoveries 4 | . . . 2 2 . Exploration | -11 -10 -10 -9 -9 -9 ------------- Run | Jun Mat Min Mat Min Exi Turns Passed 3800 | . 967 462 872 423 1076 Spaces Moved 1912 | 1 491 266 351 151 652 Core . | . . . . . . Treads 1248 | . 491 266 294 138 59 Legs 1 | 1 . . . . . Wheels 663 | . . . 57 13 593 Hover . | . . . . . . Flight . | . . . . . . Fastest Speed 80 | 120 160 160 140 155 80 Average Speed 157 | 120 160 172 170 232 124 Slowest Speed 240 | 120 160 240 240 240 160 Overloaded Moves . | . . . . . . Propulsion Burnouts . | . . . . . . Robots Hopped . | . . . . . . Cave-ins Triggered . | . . . . . . Exploration Rate (%) 48 | 2 78 66 39 36 68 Regions Visited 5 Branch Regions 3 Pre-discovered Areas 3 | . 1 1 . . 1 Known Exits Taken 1 | . . 1 . . . Unknown Exits Taken 4 | 1 1 . 1 1 . Scrap Searched 1 | . . . . 1 . Spaces Dug 2 | . . . 2 . . Terrain Destroyed 69 | . 8 . 2 50 9 Melee 2 | . . . 2 . . Projectile . | . . . . . . AOE 67 | . 8 . . 50 9 Terrain Rammed . | . . . . . . Walls Destroyed . | . . . . . . Machines Disabled . | . . . . . . Actions | -11 -10 -10 -9 -9 -9 --------- Run | Jun Mat Min Mat Min Exi Total 2369 | . 577 271 512 196 813 Wait 106 | . 14 1 47 9 35 Move 1907 | . 490 265 350 150 652 Hop . | . . . . . . Pick Up 47 | . 5 3 12 8 19 Fast Attach 20 | . 3 1 7 1 8 Attach 15 | . 2 . 4 1 8 Detach 2 | . . . . . 2 Swap 36 | . 7 . 15 9 5 Drop 51 | . 5 1 15 3 27 Fire 169 | . 48 . 55 15 51 Melee 10 | . . . 4 . 6 Ram . | . . . . . . Kick . | . . . . . . Crush 6 | . 3 . 3 . . Escape Stasis . | . . . . . . Rewire . | . . . . . . Trap . | . . . . . . Miscellaneous . | . . . . . . Route ------- -11/Junkyard -10/Materials (discovered 3 exits: *Mat x2 / *Min) -10/Mines (discovered 2 exits: *Mat x2) -9/Materials (discovered 2 exits: [*Mat] / [*Min]) -9/Mines -9/Exiles History --------- Turn | Location | Event 1 | -11/Junkyard | Discovered new exit (range 0) 1 | -11/Junkyard | Entered Materials 275 | -10/Materials | Discovered new exit (range 13) 314 | -10/Materials | Build established: Mutant 442 | -10/Materials | Discovered new exit (range 10) 841 | -10/Materials | Discovered new exit (range 4) 968 | -10/Materials | Entered Mines 969 | -10/Mines | Learned location of Storage (-8) 1034 | -10/Mines | Met a Derelict bent on vengeance 1048 | -10/Mines | Identified exit to Materials 1089 | -10/Mines | Received a Rocket Launcher from a helpful Derelict 1161 | -10/Mines | A weapon hastily lodged in a ceiling crevice suddenly fell to the ground 1183 | -10/Mines | Discovered exit to Materials (range 11) 1323 | -10/Mines | Found the Drone Emporium 1331 | -10/Mines | Found Prototype Device 1331 | -10/Mines | Identified Sensor Drone Bay 1430 | -10/Mines | Entered Materials 1430 | -9/Materials | Accompanied by 1 ally 1430 | -9/Materials | Evolved 2 slots: Propulsion x1, Utility x1 1934 | -9/Materials | Destroyed 7 combat bots 2040 | -9/Materials | Discovered new exit (range 16) 2290 | -9/Materials | Discovered new exit (range 7) 2302 | -9/Materials | Entered Mines 2321 | -9/Mines | Assembled infested the area 2326 | -9/Mines | Assisted by a Guerilla fighting off Assembled 2362 | -9/Mines | Destroyed 10 combat bots 2527 | -9/Mines | Deemed a non-threat by the Exiles lab entrance 2527 | -9/Mines | Discovered new exit (range 5) 2622 | -9/Mines | Joined a pair of Derelicts in attacking an 0b10 outpost 2725 | -9/Mines | Entered Exiles 2769 | -9/Exiles | Met 8R-AWN 2793 | -9/Exiles | Met EX-HEX 2853 | -9/Exiles | Met EX-DEC 2858 | -9/Exiles | Learned location of Zion (-6) 2881 | -9/Exiles | Met EX-BIN 2900 | -9/Exiles | Aligned with FarCom system 2902 | -9/Exiles | Given EX-Vault access code 2937 | -9/Exiles | Opened EX-Vault 2975 | -9/Exiles | Warned to stay clear of 0b10 Research branches 3565 | -9/Exiles | Attacked by the Exiles 3665 | -9/Exiles | Core integrity fell below 50% 3739 | -9/Exiles | Core integrity fell below 20% 3801 | -9/Exiles | Destroyed by 8R-AWN with 8R-AWN's Boregun Last Messages --------------- 03733_ Penetrated by HV Slug. 03738_ HV Slug penetrates Wall. 03739_ Wall collapses. 03742_ Penetrated by HV Slug. 03742_ Critical hit (Destroy). 03742_ Imp. Assault Rifle destroyed. 03746_ Penetrated by HV Slug. 03755_ Critical hit (Destroy). 03755_ Lgt. Treads destroyed. 03755_ Penetrated by HV Slug. 03772_ Critical hit (Destroy). 03772_ Lgt. Treads destroyed. 03776_ Penetrated by HV Slug. 03784_ Imp. Assault Rifle destroyed. 03784_ Penetrated by HV Slug. 03784_ Critical hit (Destroy). 03784_ Lgt. Treads destroyed. 03789_ Penetrated by HV Slug. 03793_ System corrupted: Component data lost. 03793_ Penetrated by HV Slug. Map ----- +----------------------------------------------------+ | ?????????????????????????????????????????????????? | | ?????????????????????????????????????????????????? | | ?????????????????????????????????????????????????? | | ?????????????????????????????????????????????????? | | ?????????????????????????????????????????????????? | | ?????????????????????????????????????????????????? | | ?????????????????????????????????????????????????? | | ?????????????????????????????????????????????????? | | ???????????????????????????????????????????????### | | ???????????????????????????????????????????????""" | | ??????????????????????????????????????????????"""" | | ?????????????????????????????????????????????#""X" | | ?????????????????????????????????????????????#" | | ?????????????????????????????????????????????#" | | ?????????????????????????????????????????????#"""" | | ?????????????????????????????????????????????##"## | | ?????????????????????????????????????????????????? | | ?????????????????????????????????????????????????? | | ?????????????????????????????????????????????????? | | ????? ??????????????#######??????????????????????? | | ????? ######???????#!!! #??????????????????????? | | ???? #""#??????# ]/ !#??????????????????????? | | ????? ??????#!/ [ #??????????????????????? | | ????" #????## ="!#????????????#####?????? | | ????? #####" * g##??????????? """#????? | | ?????# ##"/! !@;#??????????"" """#????? | | ??????# #""!/!#;# #????????#"" #????? | | ?????????# !! =# #??????????#"" #????? | | ???????????## ]=#;#??????????#"" "#????? | | ????????????### ";#??????????? ""?????? | | ??????########" ;;#???????????" "??????? | | ??????# !""""" ##??????????# #??????? | | ??????#! "###"" a ######???### ###?#### | | ??????#! "#?##" """#####X# #"###""" | | ??????#! ##??#" """""" | | ??????# !""""""###???#"# * "" """ | | ??????##########?????#### " " | | ????????????????????????#;# | | ????????????????????????? ### | | ????????????????????????? ??## | | ????????????????????????? ???## | | ??????????????????????????????##" | | ???????????????????????????????#""" | | ??????????????????????????????##" | | ??????????????????????????????#"" ""# | | ?????????????????????????????##""" """## | | ?????????????????????????????#""" ""##? | | ?????????????????????????????#""" ""#?? | | ?????????????????????????????#"" #### | | ?????????????????????????????#""" ## | +----------------------------------------------------+ Best States ------------- Heat Dissipation 39 Energy Generation 14 Energy Capacity 250 Matter Stores 300 Matter Capacity 300 Sight Range 16 Terrain Scan Density 10 Armor Coverage 150 Core Shielding 20 Evasion (%) 44 Targeting Accuracy 6 Recoil Reduction 3 Salvage Targeting 1 Item Schematics ----------------- None Robot Schematics ------------------ None Fabricated ------------ Nothing Alien Tech Used ----------------- None Achievements -------------- None Challenges ------------ None Game ------ Seed AntimissileTrapReplicator Manual? 0 Play Time 00:25:46 Cumulative 424.6 hours Start 2023.04.29 @ 18:48:59 End 2023.04.29 @ 19:36:09 Sessions 1 Manual Loads 0 Difficulty Rogue Special Mode None Game No. 462 Rogue 462 Adventurer 0 Explorer 0 Win Type - Total 12 Types 8/0/3/1/0/0/0/0/0 Lore% 82 Gallery% 90 Achievement% 80 Wizard Run 0 Options --------- ASCII 0 Keyboard 0 Movement Numpad Keybinds 0 Fullscreen 1 Font 18/Terminus Map View 76x50 Tactical HUD 1 Map Filters NONE Filters NONE Steam 1 RUN: c262cac9-56dc-408c-a680-adeea8d55b74